 Dungeon Crawl Stone Soup version 0.24-a0-163-g64c5a76fe2 (webtiles) character file.

Game seed: 10484421217636681048

168 MrRokkomies the Chucker (level 5, -3/57 HPs)
             Began as an Ogre Hunter on Mar 6, 2019.
             Was an Initiate of Nemelex Xobeh.
             Killed by divine providence
             ... invoked by an orc priest
              (17 damage)
             ... on level 3 of the Dungeon.
             The game lasted 00:08:54 (3270 turns).

MrRokkomies the Chucker (Ogre Hunter)               Turns: 3270, Time: 00:08:54

Health: -3/57      AC:  3    Str: 18    XL:     5   Next: 48%
Magic:  5/5        EV: 10    Int: 13    God:    Nemelex Xobeh [......]
Gold:   188        SH:  0    Dex: 11    Spells: 4/4 levels left

rFire    . . .     SeeInvis .   a - +2 dagger (speed)
rCold    . . .     Gourm    .   (no shield)
rNeg     . . .     Faith    .   b - +0 robe
rPois    .         Spirit   .   (helmet restricted)
rElec    .         Reflect  .   (no cloak)
rCorr    .         Harm     .   (gloves unavailable)
MR       .....                  (boots unavailable)
Stlth    ++........             (no amulet)
HPRegen  0.19/turn              (no ring)
MPRegen  0.09/turn              (no ring)

@: no status effects
A: large, unfitting armour, thin skeletal structure 1, strong 1, tough skin 1
a: Draw Escape, Draw Destruction, Draw Summoning, Renounce Religion


You were on level 3 of the Dungeon.
You worshipped Nemelex Xobeh.
Nemelex Xobeh was noncommittal.
You were very hungry.

You visited 1 branch of the dungeon, and saw 4 of its levels.

You collected 188 gold pieces.

Inventory:

Hand Weapons
 a - a +2 dagger of speed (weapon)
Missiles
 h - 10 poisoned needles
 j - 152 stones (quivered)
 p - a tomahawk
Armour
 b - a +0 robe (worn)
Scrolls
 g - a scroll of remove curse
 n - a scroll of amnesia
Potions
 e - a potion of might {unknown}
 i - a potion of invisibility
 k - a potion of curing
 l - a potion of cancellation {unknown}
 o - 2 potions of haste {unknown}
 q - 2 potions of flight {unknown}
Comestibles
 f - 10 rations


   Skills:
 * Level 5.4 Fighting
 * Level 5.4 Throwing
 - Level 1.7 Dodging
 - Level 0.6 Stealth


You had 4 spell levels left.
You didn't know any spells.
Your spell library was empty.

Dungeon Overview and Level Annotations

Branches:
Dungeon (4/15)
 Temple: D:4-7

Altars:
Makhleb
Nemelex Xobeh
Sif Muna


Innate Abilities, Weirdness & Mutations

You are too large for most types of armour.
You have tough skin. (AC +1)
You have a somewhat thin skeletal structure. (Dex +2, Stealth)
Your muscles are strong. (Str +2)


Message History

Aim: an orc priest, wearing a +0 scale mail (almost dead)
You throw a throwing net.
The throwing net closely misses the orc priest.
The orc barely misses you. The orc priest barely misses you.
It was a potion of curing.
You feel better. The orc priest hits you.
You hit the orc priest but do no damage.
The orc priest is almost dead.
The orc barely misses you.
You hit the orc priest but do no damage.
The orc priest is almost dead.
The orc priest invokes the aid of Beogh against you.
Beogh smites you!
* * * LOW HITPOINT WARNING * * *
The orc misses you.
You hit the orc priest but do no damage.
The orc priest is almost dead.
The orc priest calls down the wrath of Beogh upon you.
Beogh smites you!
You die...
Your body disappears without a glow.

#........# #.....
#........# #####.
#...###### #.
#..##..###### #.
#..#..8#§§§.# #.
#...._.§§§≈># ##
#..#..8#§§§(########
#.###..#######......
#.#@#########.......
#####.#oo........##.####
#.....#.................
#.#####...(.........####
#.# #.############# #
#.# #.# # #.# #.# #
#.#####'################
#.#...................##


You could see an orc priest and an orc.

Vanquished Creatures
  2 orc wizards (D:3)
  3 adders
  An ooze (D:2)
  3 worms
  A dart slug (D:1)
  2 leopard geckos (D:2)
  4 orcs (D:3)
  2 giant cockroaches
  3 goblins
  9 hobgoblins
  4 jackals
  9 kobolds
  A quokka (D:2)
  8 bats
  3 frilled lizards
  7 rats
62 creatures vanquished.

Notes
Turn   | Place    | Note
-------+----------+-------------------------------------------
     0 | D:1      | MrRokkomies the Ogre Hunter began the quest for the Orb.
     0 | D:1      | Reached XP level 1. HP: 22/22 MP: 1/1
   160 | D:1      | Reached XP level 2. HP: 10/31 MP: 2/2
   988 | D:1      | Reached XP level 3. HP: 35/39 MP: 3/3
  1402 | D:1      | Gained mutation: You have a somewhat thin skeletal
                  | structure. (Dex +2, Stealth) [potion of mutation]
  1402 | D:1      | Gained mutation: Your muscles are strong. (Str +2) [potion
                  | of mutation]
  1710 | D:2      | Reached XP level 4. HP: 46/49 MP: 4/4
  1899 | D:2      | Found a sparkling altar of Nemelex Xobeh.
  1950 | D:2      | Became a worshipper of Nemelex Xobeh the Trickster
  1978 | D:2      | Received a gift from Nemelex Xobeh
  2170 | D:3      | Reached skill level 5 in Throwing
  2747 | D:3      | Found a deep blue altar of Sif Muna.
  2761 | D:3      | Reached skill level 5 in Fighting
  2761 | D:3      | Reached XP level 5. HP: 47/57 MP: 5/5
  2923 | D:3      | Found a burning altar of Makhleb.
  3270 | D:3      | Killed from afar by an orc priest

Levels and vault maps discovered:
D:1:      dpeg_arrival_pits, layout_basic, minivault_11, roderic_lattice_a,
          minmay_split_cup_large
D:2:      layout_loops_ring, nemelex_spade_bored_becter
D:3:      layout_basic, lemuel_coloured_pillars_altar, first_ration,
          led_sif_book
D:4:      layout_loops_ring, lemuel_crystal_altar, lemuel_crystal_altar,
          kennysheep_little_box, minmay_ruptured

Skill      XL: |  1  2  3  4 |
---------------+-------------+-----
Fighting       | 3 4 5 |  5.4
Throwing       | 5 |  5.4
Dodging        | |  1.7
Stealth        | |  0.6

Action                   |  1- 3 |  4- 6 || total
-------------------------+-------+-------++-------
Melee: Short sword       |    70 |       ||    70
       Dagger            |    61 |    83 ||   144
Throw: Stone             |     3 |    13 ||    16
       Tomahawk          |     8 |    22 ||    30
       Large rock        |       |     9 ||     9
       Throwing net      |       |     2 ||     2
  Use: Scroll            |     2 |     5 ||     7
       Potion            |     1 |     1 ||     2
  Eat: Chunk             |     2 |     4 ||     6
Armor: Robe              |    34 |    22 ||    56
Dodge: Dodged            |    57 |    55 ||   112

Table legend:
 A = Non-vault XP
 B = Vault XP
 C = Vault XP percentage of total XP
 D = Non-vault monster count
 E = Vault monster count
 F = Vault count percentage of total count
                 A         B        C        D         E       F
            +---------+---------+-------+---------+---------+-------
      Total |     150 |      90 |  37.5 |      56 |       6 |   9.7
            +---------+---------+-------+---------+---------+-------
        D:1 |      30 |       7 |  18.9 |      17 |       4 |  19.0
        D:2 |      62 |       0 |   0.0 |      24 |       0 |   0.0
        D:3 |      58 |      83 |  58.9 |      15 |       2 |  11.8
            +---------+---------+-------+---------+---------+-------
